 Dungeon Crawl Stone Soup version 0.21.1-1-g345015f (webtiles) character file.

293 tidbits the Grave Robber (level 6, 1/44 HPs)
             Began as a Gnoll Necromancer on June 15, 2018.
             Was an Initiate of Cheibriados.
             Quit the game on level 6 of the Dungeon.
             The game lasted 00:06:17 (600 turns).

tidbits the Grave Robber (Gnoll Necromancer)         Turns: 600, Time: 00:06:17

Health: 1/44       AC:  4    Str: 11    XL:     6   Next: 33%
Magic:  4/14       EV: 15    Int: 21    God:    Cheibriados [......]
Gold:   40         SH:  0    Dex: 16    Spells: 7/15 levels left

rFire    + . .     SeeInvis .   m - +0 scythe
rCold    . . .     Gourm    .   (shield currently unavailable)
rNeg     . . .     Faith    .   a - +0 robe
rPois    .         Spirit   .   (no helmet)
rElec    .         Reflect  .   C - +1 cloak
rCorr    .         Harm     .   (no gloves)
MR       .....                  (no boots)
Stlth    +++.......             (no amulet)
HPRegen  0.14/turn              e - ring of protection from fire
MPRegen  0.14/turn              (no ring)

@: very slow
A: distributed training, fangs 1, strong nose
a: Bend Time, Renounce Religion


You were on level 6 of the Dungeon.
You worshipped Cheibriados.
Cheibriados was noncommittal.
You were not hungry.

You visited 2 branches of the dungeon, and saw 7 of its levels.

You collected 40 gold pieces.

Inventory:

Hand Weapons
 d - a +0 dagger
 h - a +0 short sword
 m - a +0 scythe (weapon)
Missiles
 k - 10 arrows
Armour
 a - a +0 robe (worn)
 n - a +0 buckler
 C - a +1 cloak (worn)
Jewellery
 e - a ring of protection from fire (left hand)
   (You found it on level 2 of the Dungeon)
Scrolls
 f - a scroll of fog
 g - a scroll of immolation
 i - 2 scrolls of holy word {unknown}
 o - a scroll of fear
 q - a scroll of teleportation
Books
 b - a book of Necromancy

   Spells                             Type                      Level
   a - Pain                           Necromancy                   1
   b - Animate Skeleton               Necromancy                   1
   c - Vampiric Draining              Necromancy                   3
   d - Regeneration                   Charms/Necromancy            3
   e - Animate Dead                   Necromancy                   4
   f - Borgnjor's Vile Clutch         Necromancy/Earth             5
Comestibles
 c - 3 rations


   Skills:
 + Level 1.9 Fighting
 + Level 1.9 Short Blades
 + Level 1.9 Long Blades
 + Level 1.9 Axes
 + Level 1.9 Maces & Flails
 + Level 1.9 Polearms
 + Level 1.9 Staves
 + Level 1.9 Slings
 + Level 1.9 Bows
 + Level 1.9 Crossbows
 + Level 1.9 Throwing
 + Level 1.9 Armour
 + Level 4.9 Dodging
 + Level 4.5 Stealth
 + Level 1.9 Shields
 + Level 1.9 Unarmed Combat
 + Level 5.3 Spellcasting
 + Level 1.5 Conjurations
 + Level 1.5 Hexes
 + Level 1.5 Charms
 + Level 1.5 Summonings
 + Level 7.2 Necromancy
 + Level 1.5 Translocations
 + Level 1.5 Transmutations
 + Level 1.5 Fire Magic
 + Level 1.5 Ice Magic
 + Level 1.5 Air Magic
 + Level 1.5 Earth Magic
 + Level 1.5 Poison Magic
 + Level 2.1 Invocations
 + Level 1.9 Evocations


You had 7 spell levels left.
You knew the following spells:

 Your Spells              Type           Power        Failure   Level  Hunger
a - Pain                  Necr           ####         1%          1    None
d - Vampiric Draining     Necr           #####.....   1%          3    ##.....
n - Animate Skeleton      Necr           N/A          1%          1    None
r - Regeneration          Chrm/Necr      ###.......   4%          3    ##.....


Dungeon Overview and Level Annotations

Branches:
Dungeon (6/15)             Temple (1/1) D:4

Altars:
Ashenzari
Cheibriados
Dithmenos
Gozag
Okawaru
Sif Muna
Trog
Wu Jian
Xom
Yredelemnul


Innate Abilities, Weirdness & Mutations

Your experience applies equally to all skills.
You have very sharp teeth.
Your uncanny sense of smell can sniff out nearby items.


Message History

The black bear writhes in agony!
Your skin is crawling a little less now.
The centaur hits you. The centaur closely misses you. The black bear bites you.
The black bear closely misses you. The black bear barely misses you.
Casting: Pain
Confirm with . or Enter, or press ? or * to list all spells.
Aiming: Pain
Press: ? - help, Shift-Dir - straight line, f/p - black bear
Aim: a black bear (lightly wounded, chance to defeat MR: 84%)
The black bear barely resists.
The centaur hits you but does no damage.
The black bear bites you but does no damage.
The black bear claws you. The black bear misses you.
Casting: Pain
Confirm with . or Enter, or press ? or * to list all spells.
Aiming: Vampiric Draining
Press: ? - help, Shift-Dir - straight line, f/p - black bear
Aim: a black bear (lightly wounded)
The black bear is heavily wounded.
You feel life coursing into your body. The centaur hits you. x2
The black bear bites you. The black bear misses you.
The black bear closely misses you.
Casting: Vampiric Draining
Confirm with . or Enter, or press ? or * to list all spells.
Aiming: Vampiric Draining
Press: ? - help, Shift-Dir - straight line, f/p - black bear
Aim: a black bear (heavily wounded)
The black bear is severely wounded.
You feel life coursing into your body. The centaur closely misses you.
The black bear bites you but does no damage.
The black bear claws you but does no damage.
The black bear closely misses you.
The leopard gecko hisses menacingly.
An ogre comes into view. It is wielding a giant spiked club.
You slash the black bear!
You kill the black bear!
Cheibriados thoroughly appreciates the change of pace.
Your Invocations skill increases to level 2!
You have reached level 6!
Your experience leads to an increase in your attributes!
Your base attributes are Str 10, Int 19, Dex 15.
Increase (S)trength, (I)ntelligence, or (D)exterity?
You feel clever. The centaur hits you!
The ogre moves out of view.
The centaur hits you.
* * * LOW HITPOINT WARNING * * *
The centaur closely misses you.
Unknown command.
You barely miss the centaur. You bite the centaur.
The centaur is lightly wounded.
Your skin stops crawling.
The sentinel's mark upon you fades away.
The centaur closely misses you. The centaur hits you.
* * * LOW HITPOINT WARNING * * *
The centaur hits you.
* * * LOW HITPOINT WARNING * * *
You feel much better. The centaur hits you. x2
Unknown command.
You hit the centaur.
The centaur is moderately wounded.
The centaur closely misses you. The centaur misses you.
You hit the centaur but do no damage.
The centaur is moderately wounded.
The centaur misses you. The centaur closely misses you. The centaur hits you.
* * * LOW HITPOINT WARNING * * *
Unknown command.
You hit the centaur but do no damage.
The centaur is moderately wounded.
The centaur misses you. The centaur barely misses you. The centaur hits you.
* * * LOW HITPOINT WARNING * * *
The leopard gecko hisses menacingly.
An ogre comes into view. It is wielding a giant club.
You barely miss the centaur. You bite the centaur, but do no damage.
The centaur is moderately wounded.
The centaur hits you.
* * * LOW HITPOINT WARNING * * *
The centaur hits you.
* * * LOW HITPOINT WARNING * * *
The centaur misses you.
Unknown command.
You hit the centaur.
The centaur is heavily wounded.
The centaur hits you.
* * * LOW HITPOINT WARNING * * *
The centaur hits you.
* * * LOW HITPOINT WARNING * * *
The centaur closely misses you.
Unknown command.
You aren't carrying any potions.
Unknown command.
Unknown command.
Fire/throw which item? (* to show all) (? for menu, Esc to quit)
Really fire
p - a throwing net {!f}?
Press: ? - help, Shift-Dir - straight line, f - centaur
Aim: a centaur (heavily wounded)
You throw a throwing net {!f}.
The throwing net {!f} barely misses the centaur.
The centaur hits you.
* * * LOW HITPOINT WARNING * * *
Unknown command.
Are you sure you want to abandon this character and quit the game? (Confirm with "yes".)

'# #.# # #l# .
##c##.# ##...#.##.
.........
#.##.######.h......
#.....(@clhhO#
####.#######.# #.#
#.# #(# #h# #.# #)#
# #.# ###


You could see an ogre, a centaur, a hound, a leopard gecko and 2 jackals.

Vanquished Creatures
  Sigmund (D:4)
  A black bear (D:6)
  An adder (D:2)
  A worm (D:2)
  2 dart slugs
  A leopard gecko (D:2)
  An orc (D:6)
  4 goblins
  3 hobgoblins
  2 ball pythons
  4 bats
  3 frilled lizards
  5 kobolds
  A quokka skeleton (D:6)
  2 rats (D:1)
32 creatures vanquished.

Notes
Turn   | Place    | Note
-------+----------+-------------------------------------------
     0 | D:1      | tidbits the Gnoll Necromancer began the quest for the Orb.
     0 | D:1      | Reached XP level 1. HP: 13/13 MP: 6/6
    58 | D:1      | Reached XP level 2. HP: 9/19 MP: 1/7
    61 | D:1      | Learned a level 1 spell: Animate Skeleton
   153 | D:1      | Found a shattered altar of Ashenzari.
   182 | D:2      | Found a bloodstained altar of Trog.
   258 | D:2      | Reached XP level 3. HP: 8/25 MP: 6/9
   267 | D:2      | Learned a level 3 spell: Vampiric Draining
   271 | D:2      | Learned a level 3 spell: Regeneration
   281 | D:2      | Reached skill level 5 in Spellcasting
   325 | D:2      | Reached skill level 1 in Invocations
   376 | D:4      | Noticed Sigmund
   383 | D:4      | Killed Sigmund
   383 | D:4      | Reached skill level 1 in Fighting
   383 | D:4      | Reached skill level 1 in Short Blades
   383 | D:4      | Reached skill level 1 in Long Blades
   383 | D:4      | Reached skill level 1 in Axes
   383 | D:4      | Reached skill level 1 in Maces & Flails
   383 | D:4      | Reached skill level 1 in Polearms
   383 | D:4      | Reached skill level 1 in Staves
   383 | D:4      | Reached skill level 1 in Slings
   383 | D:4      | Reached skill level 1 in Bows
   383 | D:4      | Reached skill level 1 in Crossbows
   383 | D:4      | Reached skill level 1 in Throwing
   383 | D:4      | Reached skill level 1 in Armour
   383 | D:4      | Reached skill level 1 in Shields
   383 | D:4      | Reached skill level 1 in Unarmed Combat
   383 | D:4      | Reached skill level 1 in Conjurations
   383 | D:4      | Reached skill level 1 in Hexes
   383 | D:4      | Reached skill level 1 in Charms
   383 | D:4      | Reached skill level 1 in Summonings
   383 | D:4      | Reached skill level 1 in Translocations
   383 | D:4      | Reached skill level 1 in Transmutations
   383 | D:4      | Reached skill level 1 in Fire Magic
   383 | D:4      | Reached skill level 1 in Ice Magic
   383 | D:4      | Reached skill level 1 in Air Magic
   383 | D:4      | Reached skill level 1 in Earth Magic
   383 | D:4      | Reached skill level 1 in Poison Magic
   383 | D:4      | Reached skill level 1 in Evocations
   383 | D:4      | Reached XP level 4. HP: 18/32 MP: 3/11
   383 | D:4      | Reached XP level 5. HP: 20/37 MP: 3/12
   387 | D:4      | Found a staircase to the Ecumenical Temple.
   396 | Temple   | Entered the Ecumenical Temple
   443 | Temple   | Became a worshipper of Cheibriados the Contemplative
   470 | D:5      | Entered Level 5 of the Dungeon
   577 | D:6      | Noticed a centaur
   586 | D:6      | Noticed a black bear
   591 | D:6      | Noticed an ogre
   591 | D:6      | Killed a black bear
   591 | D:6      | Reached skill level 2 in Invocations
   591 | D:6      | Reached XP level 6. HP: 28/44 MP: 2/14
   599 | D:6      | HP: 1/44 [centaur (4)]
   600 | D:6      | Quit the game

Skill      XL: |  1  2  3  4  5 |
---------------+----------------+-----
Spellcasting   | 5 |  5.3
Invocations    | 1 2 |  2.1
Fighting       | 1 |  1.9
Short Blades   | 1 |  1.9
Long Blades    | 1 |  1.9
Axes           | 1 |  1.9
Maces & Flails | 1 |  1.9
Polearms       | 1 |  1.9
Staves         | 1 |  1.9
Slings         | 1 |  1.9
Bows           | 1 |  1.9
Crossbows      | 1 |  1.9
Throwing       | 1 |  1.9
Armour         | 1 |  1.9
Shields        | 1 |  1.9
Unarmed Combat | 1 |  1.9
Conjurations   | 1 |  1.5
Hexes          | 1 |  1.5
Charms         | 1 |  1.5
Summonings     | 1 |  1.5
Translocations | 1 |  1.5
Transmutations | 1 |  1.5
Fire Magic     | 1 |  1.5
Ice Magic      | 1 |  1.5
Air Magic      | 1 |  1.5
Earth Magic    | 1 |  1.5
Poison Magic   | 1 |  1.5
Evocations     | 1 |  1.9
Dodging        | |  4.9
Stealth        | |  4.5
Necromancy     | |  7.2

Action                   |  1- 3 |  4- 6 || total
-------------------------+-------+-------++-------
Melee: Unarmed           |     2 |       ||     2
       Dagger            |    14 |     1 ||    15
       Bite              |     2 |     2 ||     4
       Scythe            |       |     9 ||     9
Throw: Throwing net      |       |     1 ||     1
 Cast: Pain              |    33 |     4 ||    37
       Regeneration      |     1 |     2 ||     3
       Vampiric Draining |       |     2 ||     2
  Use: Scroll            |     3 |     2 ||     5
       Potion            |       |     2 ||     2
 Stab: Sleeping          |     8 |     1 ||     9
Armor: Robe              |     4 |     6 ||    10
Dodge: Dodged            |    15 |    21 ||    36

Table legend:
 A = Turns spent in this place as a percentage of turns spent in the entire game.
 B = Non-inter-level travel turns spent in this place as a percentage of non-inter-level travel turns spent in the entire game.
 C = Inter-level travel turns spent in this place as a percentage of turns spent in this place.
 D = Turns resting spent in this place as a percentage of non-inter-level travel turns spent in this place.
 E = Turns spent auto-exploring this place as a percentage of non-inter-level travel turns spent in this place.
 F = Non-inter-level travel turns spent in this place divided by the number of levels of this place that you've seen.
                   A       B       C       D       E      F
               +-------+-------+-------+-------+-------+----------------------
         Total | 100.0 | 100.0 |   0.0 |   0.0 |   0.0 |  85.7
       Dungeon |  90.3 |  90.3 |   0.0 |   0.0 |   0.0 |  90.3
        Temple |   9.7 |   9.7 |   0.0 |   0.0 |   0.0 |  58.0
               +-------+-------+-------+-------+-------+----------------------

Table legend:
 A = Kills in this place as a percentage of kills in entire the game.
 B = Kills by you in this place as a percentage of kills by you in the entire game.
 C = Kills by friends in this place as a percentage of kills by friends in the entire game.
 D = Other kills in this place as a percentage of other kills in the entire game.
 E = Experience gained in this place as a percentage of experience gained in the entire game.
 F = Experience gained in this place divided by the number of levels of this place that you have seen.
                   A       B       C       D       E      F
               +-------+-------+-------+-------+-------+----------------------
         Total | 100.0 | 100.0 |   N/A |   N/A | 100.0 |  59.9
       Dungeon | 100.0 | 100.0 |   N/A |   N/A | 100.0 |  69.8
               +-------+-------+-------+-------+-------+----------------------

Vault maps used:
D:1:      eino_arrival_tree_alley, nicolae_ashenzari_panopticon
D:2:      cheibrodos_pilgrimage, nicolae_qazlal_eye_of_the_storm, bloody_trog,
          eat_drink_and_be_merry_uskayaw, first_ration
D:3:      old_standard_altar, chequers_ecumenical_altar_lobes
D:4:      old_standard_altar, kennysheep_mini, minmay_temple_entry_mist,
          lemuel_angel_altar, uniq_natasha, uniq_sigmund
D:5:      lemuel_crystal_altar, basic_altar
D:6:      nicolae_ru_awakened_eye, makhleb_heckhound_becter
Temple:   nicolae_temple_figure_zero
